 Dungeon Crawl Stone Soup version 0.27.1 (webtiles) character file.

Game seed: 133842625696758280

173 ZARRMARR the Chiller (level 5, 0/35 HPs)
             Began as a Merfolk Ice Elementalist on Aug 31, 2021.
             Was an Initiate of Ru.
             Slain by a gnoll (7 damage)
             ... on level 5 of the Dungeon.
             The game lasted 00:14:02 (3469 turns).

ZARRMARR the Chiller (Merfolk Ice Elementalist)     Turns: 3469, Time: 00:14:03

Health: 0/35       AC:  2    Str:  9    XL:     5   Next: 53%
Magic:  1/10       EV: 10    Int: 15    God:    Ru [......]
Gold:   103        SH:  0    Dex: 14    Spells: 9/11 levels left

rFire    + . .     SeeInvis .   l - staff of cold
rCold    + . .     Faith    .   (no shield)
rNeg     . . .     Spirit   .   a - +0 robe
rPois    .         Reflect  .   (no helmet)
rElec    .         Harm     .   (no cloak)
rCorr    .         Rampage  .   (no gloves)
Will     .....                  (no boots)
Stlth    ++........             (no amulet)
HPRegen  0.11/turn              d - ring of protection from fire
MPRegen  0.12/turn              h - +4 ring of evasion

@: brilliant, held
A: (nimble swimmer 2), mertail
a: Renounce Religion


You were on level 5 of the Dungeon.
You worshipped Ru.
Ru was noncommittal.
You visited 1 branch of the dungeon, and saw 4 of its levels.

You collected 103 gold pieces.

Inventory:

Armour
 a - a +0 robe (worn)
Magical Staves
 l - a staff of cold (weapon)
Jewellery
 d - a ring of protection from fire (left hand)
 h - a +4 ring of evasion (right hand)
Scrolls
 c - a scroll of holy word
 e - a scroll of blinking {unknown}
 f - a scroll of teleportation {unknown}
 g - a scroll of amnesia {unknown}
 i - a scroll of torment {unknown}
 j - a scroll of noise {unknown}
 k - a scroll of silence {unknown}
Potions
 o - a potion of attraction {unknown}
 p - a potion of haste {unknown}
 q - a potion of degeneration {unknown}


   Skills:
 + Level 2.8 Dodging
 - Level 2.1 Stealth
 + Level 3.5 Spellcasting
 + Level 6.2 Ice Magic


You had 9 spell levels left.
You knew the following spells:

 Your Spells              Type           Power      Damage    Failure   Level
a - Freeze                Ice            100%       1d11      1%          1
b - Summon Small Mammal   Summ           12%        N/A       19%         1

Your spell library contained the following spells:

 Spells                   Type           Power      Damage    Failure   Level
 Frozen Ramparts          Ice            96%        1d11      4%          3
 Ozocubu's Armour         Ice            48%        N/A       4%          3
 Slow                     Hex            3%         N/A       28%         2
 Hailstorm                Conj/Ice       27%        3d7       45%         4
 Call Canine Familiar     Summ           3%         N/A       50%         3
 Confusing Touch          Hex            3%         N/A       50%         3
 Summon Guardian Golem    Hex/Summ       3%         N/A       50%         3
 Vampiric Draining        Necr           1%         2d6       50%         3
 Leda's Liquefaction      Hex/Erth       1%         N/A       88%         4
 Bolt of Magma            Conj/Fire/Erth 1%         4d4       99%         5
 Statue Form              Tmut/Erth      2%         N/A       100%        6


Dungeon Overview and Level Annotations

Branches:
Dungeon (3/15)

Altars:
Ru
Zin

Annotations:
D:3 Grinder


Innate Abilities, Weirdness & Mutations

((You are quick and stealthy near water. (Stealth+, EV+, Speed+++)))
Your lower body shifts to a powerful aquatic tail in water.


Message History

The gnoll barely misses your bat. The gnoll barely misses you.
The gnoll closely misses you.
Your rat bites the gnoll.
Your bat closely misses the gnoll.
The gnoll hits your bat with a +0 whip!
Your bat dies!
Your bat's corpse disappears in a puff of smoke!
Your rat closely misses the gnoll.
You closely miss the gnoll.
The gnoll is severely wounded.
The gnoll completely misses you. The gnoll barely misses your rat.
Your rat closely misses the gnoll.
Casting: Freeze (safe; 1% risk of failure)
Confirm with . or Enter, or press ? or * to list all spells.
Aiming: Freeze (safe; 1% risk of failure)
Press: ? - help, Shift-Dir - straight line, f/p - gnoll
Aim: a gnoll, wielding a +0 whip (severely wounded, ally target)
You feel a surge of power!
You freeze the gnoll!
You kill the gnoll!
The gnoll hits your rat with a +0 spear.
Your rat dies!
Your rat's corpse disappears in a puff of smoke!
It was a potion of curing.
You feel better. The gnoll closely misses you.
Casting: Freeze (safe; 1% risk of failure)
Confirm with . or Enter, or press ? or * to list all spells.
Okay, then.
Unknown command.
You barely miss the gnoll.
The gnoll throws a throwing net.
The throwing net hits you.
You become entangled in the net!
The gnoll hits you with a +0 whip.
You struggle against the net.
The gnoll hits you with a +0 whip.
You struggle against the net.
The gnoll hits you from afar with a +0 spear!
The gnoll hits you with a +0 whip.
You tear a large gash into the net.
The gnoll closely misses you. The gnoll hits you with a +0 whip.
* * * LOW HITPOINT WARNING * * *
It was a potion of brilliance.
You feel clever all of a sudden.
The gnoll hits you from afar with a +0 spear!
You die...

#..# ### #..##..##
#........
+........ #......
#)).#
##########.))##+#
#.....)...........
#....@.g..........
#....g............
#...##..###..####.
######### ..# ....
..... ...=


You could see 2 gnolls.

Vanquished Creatures
  An orc priest (D:5)
  Natasha (twice) (D:3)
  Terence (D:3)
  A gnoll (D:5)
  An adder (D:2)
  2 dart slugs
  2 orcs (D:5)
  2 bats
  4 endoplasms
  A giant cockroach (D:2)
  2 goblins (D:1)
  2 hobgoblins (D:1)
  2 jackals (D:2)
  A quokka (D:3)
  6 ball pythons
  2 frilled lizards
  4 kobolds
  4 rats
40 creatures vanquished.

Vanquished Creatures (collateral kills)
  An adder (D:2)
  An orc (D:5)
2 creatures vanquished.

Grand Total: 42 creatures vanquished

Notes
Turn   | Place    | Note
-------+----------+-------------------------------------------
     0 | D:1      | ZARRMARR the Merfolk Ice Elementalist began the quest for
                  | the Orb.
     0 | D:1      | Reached XP level 1. HP: 13/13 MP: 3/3
   108 | D:1      | Reached XP level 2. HP: 1/19 MP: 0/5
   722 | D:1      | Reached skill level 5 in Ice Magic
  1630 | D:1      | Learned a level 1 spell: Summon Small Mammal
  1677 | D:2      | Reached XP level 3. HP: 15/24 MP: 1/6
  2242 | D:2      | Found a faded altar of an unknown god.
  2909 | D:3      | Noticed Grinder
  2984 | D:3      | Noticed Natasha
  2991 | D:3      | Killed Natasha
  2992 | D:3      | Reached XP level 4. HP: 22/30 MP: 2/8
  2997 | D:3      | Noticed Natasha
  3001 | D:3      | Killed Natasha
  3099 | D:3      | Noticed Terence
  3258 | D:3      | Killed Terence
  3259 | D:3      | Reached XP level 5. HP: 26/35 MP: 0/10
  3340 | D:3      | Found a sacrificial altar of Ru.
  3340 | D:3      | Found a glowing silver altar of Zin.
  3351 | D:3      | Became a worshipper of Ru the Awakened
  3431 | D:3      | You fall into a shaft and drop 2 floors!
  3431 | D:5      | Entered Level 5 of the Dungeon
  3452 | D:5      | Reached skill level 6 in Ice Magic
  3469 | D:5      | Slain by a gnoll

Illustrated notes

Levels and vault maps discovered:
D:1:      grunt_arrival_crossed_arrows, layout_basic
D:2:      layout_loops_corners, shapermc_ecumenical_altar_venn
D:3:      layout_rooms, nicolae_sif_muna_condensation,
          chequers_temple_overflow_statue_of_worship, uniq_grinder,
          uniq_natasha, uniq_terence
D:5:      layout_gridville

Skill      XL: |  1  2  3  4  5 |
---------------+----------------+-----
Ice Magic      | 5 6 |  6.2
Spellcasting   | 3 |  3.5
Dodging        | |  2.8
Stealth        | |  2.1

Action                   |  1- 3 |  4- 6 || total
-------------------------+-------+-------++-------
Melee: Unarmed           |    15 |       ||    15
       Staff             |     1 |     7 ||     8
 Cast: Freeze            |    46 |    19 ||    65
       Summon Small Mamm |     2 |    10 ||    12
  Use: Scroll            |     1 |       ||     1
       Potion            |       |     3 ||     3
 Stab: Distracted        |       |     1 ||     1
Armor: Robe              |     2 |     1 ||     3
Dodge: Dodged            |    33 |    27 ||    60
